 Dungeon Crawl Stone Soup version 0.29-a0-559-g359e09b9d1 (webtiles) character file.

Game seed: 14691493443838365843

26916 DocClef the Covert (level 13, -4/104 HPs)
             Began as a Gnoll Delver on June 9, 2022.
             Was a High Priest of Okawaru.
             Slain by a death yak (15 damage)
             ... on level 4 of the Lair of Beasts.
             The game lasted 00:20:18 (18634 turns).

DocClef the Covert (Gnoll Delver)                  Turns: 18634, Time: 00:20:19

Health: -4/104     AC: 21    Str: 22    XL:     13   Next: 29%
Magic:  19/25      EV: 18    Int: 10    God:    Okawaru [*****.]
Gold:   1745       SH:  0    Dex: 17    Spells: 28/28 levels left

rFire   . . .      SeeInvis .   u - +3 scimitar "Fiben" {venom, rPois Will+ Str+3}
rCold   . . .      Faith    .   P - orb {light}
rNeg    . . .      Spirit   .   y - +3 scale mail
rPois   +          Reflect  .   (no helmet)
rElec   .          Harm     .   q - +2 cloak
rCorr   .          Rampage  .   K - +0 pair of gloves
Will    +....                   (no boots)
Stlth   ++........              (no amulet)
HPRegen 0.27/turn               C - +4 ring of protection
MPRegen 0.19/turn               H - +6 ring of strength

@: heroic, finesse-ful, glowing
A: fangs 1, strong nose, distributed training
a: Renounce Religion, Heroism, Finesse, Duel


You were on level 4 of the Lair of Beasts.
You worshipped Okawaru.
Okawaru was extremely pleased with you.
You visited 2 branches of the dungeon, and saw 13 of its levels.
You also visited: Bailey.

You collected 1745 gold pieces.

Inventory:

Hand Weapons
 a - a +0 short sword of protection
 u - the +3 scimitar "Fiben" (weapon) {venom, rPois Will+ Str+3}
   (You found it in a bailey)

   It poisons the flesh of those it strikes.
   Str:       It affects your strength (+3).
   rPois:     It protects you from poison.
   Will:      It increases your willpower.
 B - a +1 flail of protection
Missiles
 b - 27 boomerangs (quivered)
 w - a throwing net
 G - 5 silver javelins
Armour
 l - a +1 ring mail of fire resistance
 q - a +2 cloak (worn)
 t - a +0 pair of gloves
 y - a +3 scale mail (worn)
 K - a +0 pair of gloves (worn)
 P - an orb of light (worn)
Jewellery
 m - an amulet of faith
 z - a ring of positive energy
 A - a ring of see invisible
 C - a +4 ring of protection (left hand)
 H - a +6 ring of strength (right hand)
 L - a ring of resist corrosion
 O - a ring of protection from fire
 R - a ring of magical power
Wands
 g - a wand of digging (11)
 D - a wand of iceblast (8)
 F - a wand of paralysis (10)
Scrolls
 c - 3 scrolls of fog
 d - 3 scrolls of magic mapping
 i - 2 scrolls of immolation
 k - 2 scrolls of brand weapon
 n - 5 scrolls of amnesia
 p - 7 scrolls of teleportation
 v - 13 scrolls of identify
 E - 2 scrolls of fear
 J - 2 scrolls of blinking
 M - a scroll of torment {unknown}
 N - a scroll of enchant weapon
Potions
 e - a potion of resistance
 f - a potion of haste
 h - a potion of might
 j - a potion of cancellation
 o - 7 potions of curing
 r - a potion of lignification
 s - 2 potions of brilliance
 x - 2 potions of attraction
 I - a potion of berserk rage
 Q - 3 potions of ambrosia


   Skills:
 + Level 10.5(15.5) Fighting
 + Level 9.4(14.4) Short Blades
 + Level 8.1(13.1) Long Blades
 + Level 8.1(13.1) Axes
 + Level 8.1(13.1) Maces & Flails
 + Level 8.1(13.1) Polearms
 + Level 8.1(13.1) Staves
 + Level 8.1(13.1) Slings
 + Level 8.1(13.1) Bows
 + Level 8.1(13.1) Crossbows
 + Level 8.1(13.1) Throwing
 + Level 8.1(13.1) Armour
 + Level 9.4(14.4) Dodging
 + Level 12.4(17.4) Stealth
 + Level 8.1(13.1) Shields
 + Level 8.1(13.1) Unarmed Combat
 + Level 8.1 Spellcasting
 + Level 6.8 Conjurations
 + Level 6.8 Hexes
 + Level 6.8 Summonings
 + Level 6.8 Necromancy
 + Level 6.8 Translocations
 + Level 6.8 Transmutations
 + Level 6.8 Fire Magic
 + Level 6.8 Ice Magic
 + Level 6.8 Air Magic
 + Level 6.8 Earth Magic
 + Level 6.8 Poison Magic
 + Level 8.9 Invocations
 + Level 8.1 Evocations


You had 28 spell levels left.
You didn't know any spells.
Your spell library contained the following spells:

 Spells                   Type           Power      Damage    Failure   Level
 Sandblast                Erth           34%        2d9       1%          1
 Passwall                 Tmut/Erth      14%        N/A       3%          2
 Poisonous Vapours        Pois/Air       34%        N/A       3%          2
 Frozen Ramparts          Ice            34%        1d5       6%          3
 Stone Arrow              Conj/Erth      34%        3d9       6%          3
 Corpse Rot               Necr/Pois/Air  17%        N/A       21%         4
 Dispel Undead            Necr           17%        3d10      21%         4
 Ice Form                 Ice/Tmut       17%        N/A       21%         4
 Olgreb's Toxic Radiance  Pois           17%        N/A       21%         4
 Ozocubu's Refrigeration  Ice            8%         4d6       100%        7
 Ignition                 Fire           8%         3d5       100%        8
 Summon Ice Beast         Ice/Summ       Unusable   N/A       N/A         4
 Death Channel            Necr           Unusable   N/A       N/A         6

Dungeon Overview and Level Annotations

Branches:
Dungeon (9/15)               Lair (4/6) D:9           Swamp (0/4) Lair:2
    Orc (0/2) D:9          Bailey (visited)
 Temple: D:4-7        Snake: Lair:2-4    Spider: Lair:2-4

Altars:
Cheibriados
Fedhas
Makhleb
Okawaru
Ru
Uskayaw
Vehumet
Zin

Shops:
D:1 *   D:6 [(   D:7 (

Annotations:
D:3 2 runed translucent doors, happo123's ghost, amateur KoEn
D:4 Dowan; Duvessa
Lair:3 3 runed translucent doors, Paumuiqi's ghost, journeyman DjCj


Innate Abilities, Weirdness & Mutations

You have very sharp teeth.
Your uncanny sense of smell can sniff out nearby items.
Your experience applies equally to all skills.


Message History

The death yak attacks as you move away! The death yak gores you!!
You hit the death yak but do no damage.
The death yak looks as sick as possible!
The death yak is severely wounded.
The death yak gores you.
You hit the death yak but do no damage.
The death yak looks as sick as possible!
The death yak is severely wounded.
The death yak gores you but does no damage.
You gain the combat prowess of a mighty hero.
The death yak gores you!
* * * LOW HITPOINT WARNING * * *
You can now deal lightning-fast blows.
The death yak gores you but does no damage.
You hit the death yak but do no damage.
The death yak looks as sick as possible!
The death yak is almost dead.
You hit the death yak but do no damage.
The death yak looks as sick as possible!
The death yak is almost dead.
The death yak gores you but does no damage.
You slash the death yak!
You kill the death yak!
Okawaru is honoured by your kill. Okawaru grants you ammunition!
Something appears at your feet!
The death yak gores you but does no damage.
The death yak gores you.
* * * LOW HITPOINT WARNING * * *
You slash the death yak!
The death yak looks as sick as possible!
The death yak is moderately wounded.
The death yak attacks as you move away! The death yak gores you!
* * * LOW HITPOINT WARNING * * *
You see here 3 datura-tipped darts.
You hit the death yak but do no damage.
The death yak looks as sick as possible!
The death yak is moderately wounded.
The death yak gores you!
You die...

.P# ...## #.
##...###P...
#P..........
#...........
###...........
##....#........
###...........##.
##@YY.............
#.###..#.....#..
#.##..###.........
#.....# ###......#
##P...## .....##
###..P# #....#
#...## ....#
##...# ....#
###..###......


You could see 2 death yaks.

Vanquished Creatures
  An orc warlord (Bailey)
  A hydra (Lair:1)
  3 two-headed ogres (D:8)
  7 death yaks (Lair:4)
  2 bog bodies (Lair:2)
  A manticore (Lair:3)
  A black mamba (Lair:3)
  6 cane toads
  2 komodo dragons
  3 rime drakes (Lair:3)
  A queen bee (Lair:3)
  A troll (D:9)
  2 polar bears
  4 blink frogs (Lair:4)
  Sigmund (D:5)
  30 yaks
  4 wyverns (Lair:3)
  6 basilisks
  A steam dragon (D:9)
  A warg (D:9)
  2 swamp worms (Lair:2)
  16 water moccasins
  5 orc warriors
  2 black bears
  2 sky beasts
  3 ogres
  6 wolves
  A centaur (D:8)
  A kobold brigand (D:8)
  10 bullfrogs
  A gnoll sergeant (D:9)
  2 necrophages
  2 scorpions
  6 wights
  40 killer bees
  3 howler monkeys (D:9)
  An electric eel (Lair:2)
  2 jellies
  A hound (D:6)
  4 orc priests
  Terence (D:2)
  An iguana (D:7)
  7 orc wizards
  4 hell rats (Lair:1)
  5 adders
  5 gnolls (D:9)
  A shadow imp (D:7)
  2 white imps
  2 worms (D:2)
  3 dart slugs
  24 orcs
  5 bats
  2 endoplasms
  3 giant cockroaches
  14 goblins
  6 hobgoblins
  3 jackals (D:2)
  A quokka (D:1)
  6 ball pythons
  5 frilled lizards
  22 kobolds
  9 rats
319 creatures vanquished.

Vanquished Creatures (others)
  7 fungi
  9 plants
16 creatures vanquished.

Grand Total: 335 creatures vanquished

Notes
Turn   | Place    | Note
-------+----------+-------------------------------------------
     0 | D:5      | Reached skill level 9 in Stealth
     0 | D:5      | DocClef the Gnoll Delver began the quest for the Orb.
     0 | D:5      | Reached XP level 1. HP: 23/23 MP: 1/1
    32 | D:5      | Noticed Sigmund
    38 | D:5      | Killed Sigmund
    39 | D:5      | Reached skill level 1 in Long Blades
    39 | D:5      | Reached skill level 1 in Axes
    39 | D:5      | Reached skill level 1 in Maces & Flails
    39 | D:5      | Reached skill level 1 in Polearms
    39 | D:5      | Reached skill level 1 in Staves
    39 | D:5      | Reached skill level 1 in Slings
    39 | D:5      | Reached skill level 1 in Bows
    39 | D:5      | Reached skill level 1 in Crossbows
    39 | D:5      | Reached skill level 1 in Throwing
    39 | D:5      | Reached skill level 1 in Armour
    39 | D:5      | Reached skill level 1 in Shields
    39 | D:5      | Reached skill level 1 in Unarmed Combat
    39 | D:5      | Reached skill level 1 in Spellcasting
    39 | D:5      | Reached skill level 1 in Conjurations
    39 | D:5      | Reached skill level 1 in Hexes
    39 | D:5      | Reached skill level 1 in Summonings
    39 | D:5      | Reached skill level 1 in Necromancy
    39 | D:5      | Reached skill level 1 in Translocations
    39 | D:5      | Reached skill level 1 in Transmutations
    39 | D:5      | Reached skill level 1 in Fire Magic
    39 | D:5      | Reached skill level 1 in Ice Magic
    39 | D:5      | Reached skill level 1 in Air Magic
    39 | D:5      | Reached skill level 1 in Earth Magic
    39 | D:5      | Reached skill level 1 in Poison Magic
    39 | D:5      | Reached skill level 1 in Invocations
    39 | D:5      | Reached skill level 1 in Evocations
    39 | D:5      | Reached XP level 2. HP: 29/29 MP: 2/4
    39 | D:5      | Reached XP level 3. HP: 35/35 MP: 2/5
    39 | D:5      | Reached XP level 4. HP: 41/41 MP: 2/6
    39 | D:5      | Reached XP level 5. HP: 47/47 MP: 2/7
   365 | D:4      | Noticed Duvessa
   365 | D:4      | Noticed Dowan
   551 | D:3      | Reached XP level 6. HP: 53/53 MP: 8/8
   690 | D:3      | Found a faded altar of an unknown god.
   989 | D:3      | Found a large runed translucent door.
   990 | D:3      | Found a large runed translucent door.
   993 | D:3      | Noticed happo123's ghost (amateur KoEn)
  1284 | D:2      | Noticed Terence
  1299 | D:2      | Killed Terence
  1482 | D:2      | Reached skill level 5 in Short Blades
  1482 | D:2      | Reached skill level 5 in Dodging
  2221 | D:1      | Found Ynee's General Store.
  3037 | D:4      | Found a blossoming altar of Fedhas.
  3360 | D:5      | Reached XP level 7. HP: 59/59 MP: 10/10
  3974 | D:5      | Found a snail-covered altar of Cheibriados.
  4566 | D:6      | Found an iron altar of Okawaru.
  4569 | D:6      | Found a glowing silver altar of Zin.
  4592 | D:6      | Reached skill level 10 in Stealth
  4770 | D:6      | Found a hide-covered altar of Uskayaw.
  4775 | D:6      | Reached XP level 8. HP: 67/67 MP: 12/12
  4789 | D:6      | Found a burning altar of Makhleb.
  5272 | D:6      | Found Doure's Armour Shoppe.
  5429 | D:6      | Found Ruewnop's Weapon Shop.
  6567 | D:7      | Found Cipri's Firing Range.
  6963 | D:8      | Reached XP level 9. HP: 51/73 MP: 14/14
  6987 | D:8      | Noticed a two-headed ogre
  7015 | D:8      | Noticed a two-headed ogre
  7020 | D:8      | Noticed a two-headed ogre
  7022 | D:8      | Found a sacrificial altar of Ru.
  7210 | D:8      | Found a radiant altar of Vehumet.
  7340 | D:8      | Killed a two-headed ogre
  7347 | D:8      | Killed a two-headed ogre
  7348 | D:8      | Reached skill level 5 in Invocations
  7358 | D:8      | Reached XP level 10. HP: 20/80 MP: 17/17
  7463 | D:8      | Found a flagged portal.
  7468 | Bailey   | Entered a bailey
  7697 | Bailey   | Noticed an orc warlord
  7765 | Bailey   | Reached skill level 5 in Long Blades
  7765 | Bailey   | Reached skill level 5 in Axes
  7765 | Bailey   | Reached skill level 5 in Maces & Flails
  7765 | Bailey   | Reached skill level 5 in Polearms
  7765 | Bailey   | Reached skill level 5 in Staves
  7765 | Bailey   | Reached skill level 5 in Slings
  7765 | Bailey   | Reached skill level 5 in Bows
  7765 | Bailey   | Reached skill level 5 in Crossbows
  7765 | Bailey   | Reached skill level 5 in Throwing
  7765 | Bailey   | Reached skill level 5 in Armour
  7765 | Bailey   | Reached skill level 5 in Shields
  7765 | Bailey   | Reached skill level 5 in Unarmed Combat
  7765 | Bailey   | Reached skill level 5 in Spellcasting
  7765 | Bailey   | Reached skill level 5 in Evocations
  8062 | Bailey   | Found a runed translucent gate.
  8073 | Bailey   | Found a runed translucent gate.
  8073 | Bailey   | Found a runed translucent gate.
  8191 | Bailey   | Killed an orc warlord
  8409 | Bailey   | Identified the +3 scimitar "Fiben" {venom, rPois Will+
                  | Str+3}
  8422 | Bailey   | Acquired 925 gold pieces
  8514 | D:8      | HP: 2/82 [two-headed ogre/+0 giant spiked club (7)]
  8516 | D:8      | Killed a two-headed ogre
  8517 | D:8      | Reached skill level 11 in Stealth
  9420 | D:6      | Became a worshipper of Warmaster Okawaru
 10208 | D:9      | Reached * piety under Okawaru
 10537 | D:9      | Found a staircase to the Orcish Mines.
 10608 | D:9      | Found a staircase to the Lair.
 10629 | D:9      | Reached XP level 11. HP: 87/87 MP: 19/19
 11154 | Lair:1   | Entered Level 1 of the Lair of Beasts
 11429 | Lair:1   | Reached ** piety under Okawaru
 11430 | Lair:1   | Reached skill level 5 in Conjurations
 11430 | Lair:1   | Reached skill level 5 in Hexes
 11430 | Lair:1   | Reached skill level 5 in Summonings
 11430 | Lair:1   | Reached skill level 5 in Necromancy
 11430 | Lair:1   | Reached skill level 5 in Translocations
 11430 | Lair:1   | Reached skill level 5 in Transmutations
 11430 | Lair:1   | Reached skill level 5 in Fire Magic
 11430 | Lair:1   | Reached skill level 5 in Ice Magic
 11430 | Lair:1   | Reached skill level 5 in Air Magic
 11430 | Lair:1   | Reached skill level 5 in Earth Magic
 11430 | Lair:1   | Reached skill level 5 in Poison Magic
 12141 | Lair:1   | Noticed a four-headed hydra
 12161 | Lair:1   | Killed a four-headed hydra
 12161 | Lair:1   | Reached *** piety under Okawaru
 13550 | Lair:2   | Reached **** piety under Okawaru
 13703 | Lair:2   | Noticed a bog body
 13712 | Lair:2   | Killed a bog body
 13930 | Lair:2   | Noticed a bog body
 13932 | Lair:2   | Found a staircase to the Swamp.
 13937 | Lair:2   | Killed a bog body
 14253 | Lair:2   | Reached XP level 12. HP: 58/96 MP: 22/22
 15506 | Lair:3   | Reached ***** piety under Okawaru
 15690 | Lair:3   | Found a runed translucent gate.
 15692 | Lair:3   | Found a runed translucent gate.
 15693 | Lair:3   | Found a runed translucent gate.
 15694 | Lair:3   | Noticed Paumuiqi's ghost (journeyman DjCj)
 15810 | Lair:3   | Received a gift from Okawaru
 16412 | Lair:3   | Reached skill level 12 in Stealth
 16573 | Lair:3   | Reached skill level 10 in Fighting
 16603 | Lair:3   | Received a gift from Okawaru
 17599 | Lair:4   | Received a gift from Okawaru
 17956 | Lair:4   | Reached XP level 13. HP: 84/103 MP: 24/24
 18089 | Lair:4   | Received a gift from Okawaru
 18630 | Lair:4   | Received a gift from Okawaru
 18634 | Lair:4   | Slain by a death yak

Illustrated notes

Levels and vault maps discovered:
D:1:      amcnicky_arrival_gap_in_the_tavern_cellar, layout_loops_corners,
          serial_shops, nicolae_shop_competitors_out_of_business
D:2:      wad_pebble_path, layout_loops_ring, chequers_serial_rivers_micro_b,
          minmay_misc_feat_iff, uniq_terence
D:3:      layout_loops_cross, ebering_ghost_disaster_area,
          ebering_ecumenical_altar_mist
D:4:      layout_basic, lemuel_temple_firewalk_a, serial_shops, shop,
          kennysheep_flooded_box, uniq_duvessa
D:5:      layout_gridville, lemuel_round_altar, uniq_sigmund
D:6:      layout_loops_ring, grunt_temple_overflow_cloverleaf, serial_shops,
          nicolae_shop_statue_plus, nicolae_shop_hallway_stairs
D:7:      layout_basic, nicolae_shop_firing_range
D:8:      layout_rooms, chequers_temple_overflow_statue_of_worship,
          enter_bailey_3, roderic_roman_lattice, minmay_crystal_room,
          hangedman_minor_gate_pass
D:9:      layout_irregular_city, dpeg_oklobed_lair, minmay_orc_entry_guard_dogs
Lair:1:   layout_cave_shapes, lemuel_fruit_tree, serial_bayou_shore_a
Lair:2:   layout_roguey, nicolae_swamp_entry_splash_gauntlet
Lair:3:   regret_index_bee_streams, layout_regular_city,
          ebering_ghost_rock_garden, grunt_megastairs_5, serial_bayou_shore_b
Lair:4:   layout_layer_cave, nicolae_spider_entry_non_spiders,
          small_statue_intersection, minivault_19, ldierk_geyser, uniq_urug

Skill      XL: |  1  2  3  4  5  6  7  8  9 10 11 12 13 |
---------------+----------------------------------------+-----
Stealth        | 10 11 12 | 12.4
Long Blades    | 1 2 3 4 5 6 7 8 |  8.1
Axes           | 1 2 3 4 5 6 7 8 |  8.1
Maces & Flails | 1 2 3 4 5 6 7 8 |  8.1
Polearms       | 1 2 3 4 5 6 7 8 |  8.1
Staves         | 1 2 3 4 5 6 7 8 |  8.1
Slings         | 1 2 3 4 5 6 7 8 |  8.1
Bows           | 1 2 3 4 5 6 7 8 |  8.1
Crossbows      | 1 2 3 4 5 6 7 8 |  8.1
Throwing       | 1 2 3 4 5 6 7 8 |  8.1
Armour         | 1 2 3 4 5 6 7 8 |  8.1
Shields        | 1 2 3 4 5 6 7 8 |  8.1
Unarmed Combat | 1 2 3 4 5 6 7 8 |  8.1
Spellcasting   | 1 2 3 4 5 6 7 8 |  8.1
Conjurations   | 1 2 3 4 5 6 |  6.8
Hexes          | 1 2 3 4 5 6 |  6.8
Summonings     | 1 2 3 4 5 6 |  6.8
Necromancy     | 1 2 3 4 5 6 |  6.8
Translocations | 1 2 3 4 5 6 |  6.8
Transmutations | 1 2 3 4 5 6 |  6.8
Fire Magic     | 1 2 3 4 5 6 |  6.8
Ice Magic      | 1 2 3 4 5 6 |  6.8
Air Magic      | 1 2 3 4 5 6 |  6.8
Earth Magic    | 1 2 3 4 5 6 |  6.8
Poison Magic   | 1 2 3 4 5 6 |  6.8
Invocations    | 1 2 3 4 5 6 7 8 |  8.9
Evocations     | 1 2 3 4 5 6 7 8 |  8.1
Short Blades   | 5 6 7 8 9 |  9.4
Dodging        | 5 6 7 8 9 |  9.4
Fighting       | 7 8 9 10 | 10.5

Action                   |  1- 3 |  4- 6 |  7- 9 | 10-12 | 13-15 || total
-------------------------+-------+-------+-------+-------+-------++-------
Melee: Short sword       |     1 |   222 |    59 |       |       ||   282
       Bite              |       |    27 |    28 |   101 |    21 ||   177
       Punch             |       |     2 |    11 |    38 |       ||    51
       Flail             |       |       |   240 |   123 |       ||   363
       Scimitar          |       |       |       |   669 |   105 ||   774
Throw: Throwing net      |       |       |     1 |       |       ||     1
Invok: Heroism           |       |       |       |     8 |     3 ||    11
       Finesse           |       |       |       |     2 |     2 ||     4
  Use: Scroll            |       |       |     7 |     8 |       ||    15
       Potion            |       |       |     4 |     8 |       ||    12
 Stab: Sleeping          |     1 |    30 |    11 |    13 |       ||    55
       Distracted        |       |       |       |     2 |       ||     2
       Invisible         |       |       |       |     1 |       ||     1
Armor: Leather armour    |       |     4 |       |       |       ||     4
       Ring mail         |       |    29 |       |       |       ||    29
       Scale mail        |       |    24 |   195 |   412 |    20 ||   651
       Skin              |       |       |       |    16 |       ||    16
Dodge: Dodged            |       |    97 |   191 |   710 |    25 ||  1023

Table legend: (Time is in decaauts)
 A = Elapsed time spent in this place.
 B = Non-inter-level travel time spent in this place.
 C = Inter-level travel time spent in this place.
 D = Time resting spent in this place.
 E = Time spent auto-exploring this place.
 F = Levels seen in this place.
 G = Mean time per level.
                   A        B        C        D        E       F      G
               +--------+--------+--------+--------+--------+-----+--------+
         Total |  18650 |  17958 |    692 |   3599 |  11205 |  14 | 1332.1 |
       Dungeon |  10349 |   9753 |    596 |   1508 |   6497 |   9 | 1149.9 |
          Lair |   7237 |   7141 |     96 |   1478 |   4634 |   4 | 1809.2 |
        Bailey |   1062 |   1062 |      0 |    613 |     73 |   1 | 1062.0 |
               +--------+--------+--------+--------+--------+-----+--------+

Top non-repeatable levels by time:
  Lair:3: 2692 daAuts
  Lair:1: 2198 daAuts
     D:7: 1672 daAuts
     D:9: 1668 daAuts
     D:6: 1538 daAuts
  Lair:2: 1488 daAuts
     D:8: 1214 daAuts
     D:5: 1159 daAuts
  Bailey: 1062 daAuts
     D:1: 977 daAuts
  Lair:4: 858 daAuts
     D:3: 839 daAuts
     D:2: 731 daAuts
     D:4: 548 daAuts
